 Dungeon Crawl Stone Soup version 0.29.1-12-g30fa7ad0bf (webtiles) character file.

Game seed: 13818532861841092168

103192 Peloso the Hoplite (level 15, -7/138 HPs)
             Began as a Minotaur Fighter on Dec 13, 2022.
             Was the Champion of Okawaru.
             Killed by divine providence
             ... invoked by a smoke demon
              (9 damage)
             ... on level 2 of the Abyss.
             The game lasted 01:09:35 (32027 turns).

Peloso the Hoplite (Minotaur Fighter)              Turns: 32027, Time: 01:09:35

Health: -7/138     AC: 42    Str: 27    XL:     15   Next: 88%
Magic:  16/16      EV:  9    Int: 10    God:    Okawaru [******]
Gold:   2526       SH: 26    Dex: 19    Spells: 14/14 levels left

rFire   + . .      SeeInvis +   b - +8 whip of Honesty {flame, rF+ rC+ Stlth+}
rCold   + . .      Faith    .   d - +0 tower shield of the Watermelon {+Blink}
rNeg    . . .      Spirit   .   f - +8 orange crystal plate armour {Archmagi, Int+3 Clar}
rPois   +          Reflect  .   m - +0 hat {Stlth+}
rElec   .          Harm     .   G - +2 cloak {Will+}
rCorr   .          Rampage  .   Z - +0 pair of gloves {Str+3}
Will    ++...      Archmagi +   j - +1 pair of boots of the Delicate God {Int+2 Dex+5}
Stlth   .......... Clarity  +   (no amulet)
HPRegen 0.33/turn               x - ring of poison resistance
MPRegen 0.15/turn               c - ring of the Octopus King {HP+2 AC+2 EV+2 SH+2 SInv}

@: no status effects
A: horns 2, retaliatory headbutt
a: Renounce Religion, Evoke Blink, Heroism, Finesse, Duel


You were on level 2 of the Abyss.
You worshipped Okawaru.
Okawaru was exalted by your worship.
You visited 4 branches of the dungeon, and saw 23 of its levels.
You visited the Abyss 1 time.
You also visited: Gauntlet and Ice Cave.

You collected 2526 gold pieces.

Inventory:

Hand Weapons
 a - a +1 long sword of flaming
 b - the +8 whip of Honesty (weapon) {flame, rF+ rC+ Stlth+}
   (You found it on level 2 of the Dungeon)

   It burns those it strikes, dealing additional fire damage.
   rF:        It protects you from fire.
   rC:        It protects you from cold.
   Stlth:     It makes you more stealthy.
Armour
 d - the +0 tower shield of the Watermelon (worn) {+Blink}
   (You found it on level 2 of the Dungeon)

   +Blink:    It lets you blink.
 f - the +8 orange crystal plate armour (worn) {Archmagi, Int+3 Clar}
   (Okawaru gifted it to you on level 12 of the Dungeon)

   Int:       It affects your intelligence (+3).
   Clar:      It protects you against confusion.
 j - the +1 pair of boots of the Delicate God (worn) {Int+2 Dex+5}
   (Okawaru gifted it to you on level 11 of the Dungeon)

   Int:       It affects your intelligence (+2).
   Dex:       It affects your dexterity (+5).
 m - a +0 hat of stealth (worn)
 G - a +2 cloak of willpower (worn)
 U - the +0 plate armour of Circular Logic {rPois rC++ Str+2 Dex+3}
   (Okawaru gifted it to you on level 3 of the Lair of Beasts)

   Str:       It affects your strength (+2).
   Dex:       It affects your dexterity (+3).
   rC:        It greatly protects you from cold.
   rPois:     It protects you from poison.
 Z - a +0 pair of gloves of strength (worn)
Jewellery
 c - a ring of the Octopus King (right hand) {HP+2 AC+2 EV+2 SH+2 SInv}
   (You found it on level 5 of the Lair of Beasts)

   [ring of see invisible]

   AC:        It affects your AC (+2).
   EV:        It affects your evasion (+2).
   HP:        It affects your health (+2).
   SInv:      It lets you see invisible.
   SH:        It affects your SH (+2).
 n - a ring of ice
 x - a ring of poison resistance (left hand)
 A - the ring of Wisumep {rElec rPois rN+++ Str-4}
   (You found it in a Gauntlet)

   [ring of poison resistance]

   Str:       It affects your strength (-4).
   rElec:     It insulates you from electricity.
   rPois:     It protects you from poison.
   rN:        It renders you almost immune to negative energy.
 H - the ring of Suspected Treachery {rC+ rN+ Will+ Str-2 Int+8}
   (You found it in a Gauntlet)

   [ring of positive energy]

   Str:       It affects your strength (-2).
   Int:       It affects your intelligence (+8).
   rC:        It protects you from cold.
   rN:        It protects you from negative energy.
   Will:      It increases your willpower.
 N - the ring "Mualaaba" {rC+ Dex+6}
   (You found it in an ice cave)

   [ring of protection from cold]

   Dex:       It affects your dexterity (+6).
   rC:        It protects you from cold.
Wands
 w - a wand of acid (21)
 B - a wand of mindburst (48)
 C - a wand of flame (31)
 D - a wand of charming (8)
 J - a wand of polymorph (2)
 K - a wand of digging (25)
 Y - a wand of roots (4)
Scrolls
 h - 11 scrolls of teleportation
 k - a scroll of acquirement
 l - 4 scrolls of fog
 p - 4 scrolls of brand weapon
 t - 6 scrolls of immolation
 u - 3 scrolls of amnesia
 y - a scroll of magic mapping
 z - a scroll of enchant weapon
 F - 3 scrolls of enchant armour
 O - 4 scrolls of blinking
 S - 2 scrolls of noise
 T - a scroll of poison
 W - 2 scrolls of silence
 X - 2 scrolls of fear
Potions
 e - 3 potions of flight
 g - 4 potions of might
 i - 4 potions of curing
 o - 5 potions of brilliance
 q - 8 potions of lignification {unknown}
 s - 3 potions of cancellation
 v - 7 potions of resistance {unknown}
 E - a potion of ambrosia
 I - 2 potions of berserk rage
 M - 6 potions of mutation
 R - 2 potions of haste
 V - 4 potions of heal wounds
Miscellaneous
 r - a tin of tremorstones (2/2)
 L - a lightning rod (4/4)
 P - a condenser vane
 Q - a phial of floods


   Skills:
 + Level 13.6 Fighting
 + Level 4.4 Long Blades
 + Level 14.9 Maces & Flails
 + Level 16.2 Armour
 + Level 3.1 Dodging
 + Level 1.5 Stealth
 + Level 22.0 Shields
 + Level 3.1 Invocations
 + Level 0.3 Evocations


You had 14 spell levels left.
You didn't know any spells.
Your spell library contained the following spells:

 Spells                   Type           Power      Damage    Failure   Level
 Freeze                   Ice            0%         1d3       100%        1
 Poisonous Vapours        Pois/Air       0%         N/A       100%        2
 Scorch                   Fire           0%         2d5       100%        2
 Frozen Ramparts          Ice            0%         1d1       100%        3
 Ignite Poison            Fire/Tmut/Pois 0%         N/A       100%        3
 Mephitic Cloud           Conj/Pois/Air  0%         N/A       100%        3
 Portal Projectile        Hex/Tloc       0%         N/A       100%        3
 Corpse Rot               Necr/Pois/Air  0%         N/A       100%        4
 Flame Wave               Conj/Fire      0%         2d4       100%        4
 Hailstorm                Conj/Ice       0%         3d3       100%        4
 Ice Form                 Ice/Tmut       0%         N/A       100%        4
 Iskenderun's Mystic Bla  Conj/Tloc      0%         2d3       100%        4
 Olgreb's Toxic Radiance  Pois           0%         N/A       100%        4
 Blade Hands              Tmut           0%         N/A       100%        5
 Freezing Cloud           Conj/Ice/Air   0%         6-21      100%        5
 Irradiate                Conj/Tmut      0%         3d11      100%        5
 Dragon Form              Tmut           0%         N/A       100%        7
 Ozocubu's Refrigeration  Ice            0%         4d7       100%        7
 Ignition                 Fire           0%         3d3       100%        8
 Fire Storm               Conj/Fire      0%         5d1       100%        9
 Tukima's Dance           Hex            Unusable   N/A       N/A         3
 Simulacrum               Ice/Necr       Unusable   N/A       N/A         6
 Summon Cactus Giant      Summ           Unusable   N/A       N/A         6

Dungeon Overview and Level Annotations

Branches:
Dungeon (15/15)            Temple (1/1) D:6            Lair (5/5) D:9
  Swamp (0/4) Lair:3       Spider (0/4) Lair:3        Slime (0/5) Lair:4
    Orc (2/2) D:10            Elf (0/3) Orc:2        Vaults (0/5) D:14
 Depths (0/4) D:15          IceCv (visited)         Gauntlet (visited)

Altars:
Ashenzari
Cheibriados
Dithmenos
Elyvilon
Fedhas
Gozag
Hepliaklqana
Kikubaaqudgha
Makhleb
Nemelex Xobeh
Okawaru
Qazlal
Ru
Sif Muna
Trog
Uskayaw
Vehumet
Wu Jian
Xom
Yredelemnul
Zin
The Shining One

Shops:
D:6 :   D:12 (   Orc:2 ==(:

Annotations:
Lair:5 2 transporters, ababab's ghost, journeyman FeEn


Innate Abilities, Weirdness & Mutations

You have a pair of horns on your head.
You reflexively headbutt those who attack you in melee.


Message History

The efreet is severely wounded.
You block the Executioner's attack. x2; The Executioner hits you.
The spriggan defender skeleton hits you but does no damage.
The efreet hits you with a +4 scimitar of flaming!
* * * LOW HITPOINT WARNING * * *
You block the troll's attack. The troll claws you but does no damage.
You block the troll's attack.
The deep elf demonologist mumbles some strange words.
The Executioner hits you but does no damage. x3
You hit the efreet. You headbutt the efreet.
You kill the efreet!
Okawaru accepts your kill.
You block the spriggan defender skeleton's attack.
You block the Executioner's attack. x2
The Executioner hits you but does no damage.
The troll attacks as you move away! You block the troll's attack. x3
The Executioner barely misses you. You block the Executioner's attack.
The Executioner hits you but does no damage.
You block the Executioner's attack. The Executioner completely misses you.
The Executioner hits you but does no damage.
You block the chaos spawn's attack. The Executioner barely misses you.
The Executioner hits you but does no damage. x3
The Executioner hits you.
* * * LOW HITPOINT WARNING * * *
The Executioner hits you but does no damage.
The smoke demon gestures at you. Something smites you!
* * * LOW HITPOINT WARNING * * *
You see here a +4 scimitar of flaming.
A smoke demon comes into view.
The smoke demon roars!
The Executioner gestures.
The Executioner seems to speed up.
You block the hellwing's attack. x2
Unknown command.
The Executioner hits you!
* * * LOW HITPOINT WARNING * * *
You block the Executioner's attack. The Executioner misses you.
The smoke demon gestures at you. Something smites you!
You die...

...... ...... .....3.# .
.......## ..........# ##
...# # .....1....###
.#...# . ..........#
...# .# . ...3e.4@.###
.. .##.. #
#.#####.#11T##. ##... .
. ........Z4)###..#
#..#... . .........4##
...## . ..
.......~..##...
..##...... .............
# .. . # #
............##..#.####..
#.#.#.+###.##### . . .
..... ..... ... .###.


You could see a Hell Sentinel (summoned), 2 Executioners, a deep elf
demonologist, a hellwing (summoned), a rust devil (summoned), a troll, 2 smoke
demons, a chaos spawn and a spriggan defender skeleton.

Vanquished Creatures
  Rupert (D:13)
  Gastronok (Lair:1)
  An azure jelly (IceCv)
  A frost giant (D:13)
  A quicksilver ooze (IceCv)
  A minotaur (Gauntlet)
  An ettin (D:15)
  Josephine (D:11)
  A deep elf high priest (D:13)
  A merfolk avatar (Lair:5)
  2 boulder beetles
  4 vault guards (D:14)
  A catoblepas (Lair:1)
  7 hydras
  3 centaur warriors
  7 two-headed ogres
  5 death yaks (Lair:5)
  2 tengu warriors
  3 orc high priests
  A sixfirhy (Gauntlet)
  Amaemon (Lair:1)
  A sea snake (Lair:5)
  11 skeletal warriors
  2 deep trolls (D:15)
  Lodul (D:13)
  4 wizards
  Pikel (D:3)
  2 phantasmal warriors (D:13)
  5 orc knights
  2 deep elf pyromancers (D:14)
  3 orc sorcerers
  3 ugly things
  7 cyclopes
  A moth of wrath (Gauntlet)
  4 manticores
  11 elephants
  A guardian serpent (shapeshifter) (D:14)
  An orange demon (Lair:1)
  4 black mambas
  Maurice (D:10)
  4 gargoyles
  An ice statue (IceCv)
  12 cane toads
  A dire elephant skeleton (Abyss:2)
  A kobold demonologist (D:9)
  10 komodo dragons
  An unseen horror (D:11)
  5 rime drakes
  An efreet (Abyss:2)
  5 wind drakes (Lair:5)
  4 trolls
  Prince Ribbit (D:6)
  26 slime creatures
  11 dream sheep
  5 blink frogs
  2 ynoxinuls (Abyss:2)
  A centaur simulacrum (D:14)
  2 shadows
  9 wraiths
  36 yaks
  9 wyverns
  3 steam dragons
  9 basilisks
  2 vampire mosquitoes (D:15)
  7 redbacks
  5 wargs (Orc:2)
  A swamp worm (Lair:3)
  19 water moccasins
  3 acid dragons
  Duvessa (D:4)
  A sky beast (D:7)
  Pargi (D:3)
  5 great orb of eyes simulacra (IceCv)
  2 ice beasts (D:6)
  29 orc warriors
  4 black bears
  13 ogres
  5 wolves
  9 centaurs
  A phantom (D:6)
  4 slime creature simulacra (IceCv)
  4 kobold brigands
  8 bullfrogs
  3 glowing shapeshifter simulacra (IceCv)
  2 scorpions
  11 wights
  3 necrophages
  Dowan (D:4)
  7 killer bees
  6 howler monkeys
  6 electric eels
  6 small abominations (Gauntlet)
  A centaur zombie (D:9)
  9 starcursed masses (Abyss:2)
  2 hounds
  23 orc priests
  2 gnoll boudas
  4 jellies
  An iron imp (D:10)
  Ijyb (D:5)
  5 iguanas
  33 orc wizards
  5 hell rats (Lair:4)
  4 polar bear simulacra (Lair:2)
  2 shapeshifter simulacra (IceCv)
  A wolf simulacrum (Lair:2)
  A yak simulacrum (Lair:2)
  2 howler monkey zombies (D:9)
  9 gnolls
  8 adders
  14 white imps
  6 ufetubi
  4 worms
  4 dart slugs
  87 orcs
  4 ball pythons
  8 endoplasms
  4 giant cockroaches
  5 goblins
  3 hobgoblins
  4 jackals (D:1)
  28 kobolds
  5 bats
  2 frilled lizards
  7 rats
  5 river rat simulacra (Lair:2)
742 creatures vanquished.

Vanquished Creatures (others)
  A necromancer (Lair:2)
  An orc (Orc:1)
  14 demonic plants (Gauntlet)
  13 fungi
  60 plants
  3 withered plants (D:9)
92 creatures vanquished.

Grand Total: 834 creatures vanquished

Notes
Turn   | Place    | Note
-------+----------+-------------------------------------------
     0 | D:1      | Peloso the Minotaur Fighter began the quest for the Orb.
     0 | D:1      | Reached XP level 1. HP: 19/19 MP: 0/0
   207 | D:1      | Reached XP level 2. HP: 27/27 MP: 1/1
   719 | D:1      | Reached XP level 3. HP: 29/33 MP: 2/2
  1072 | D:2      | Identified the +0 tower shield of the Watermelon {+Blink}
  1228 | D:2      | Identified the +8 whip of Honesty {flame, rF+ rC+ Stlth+}
  1952 | D:3      | Reached skill level 4 in Shields
  1952 | D:3      | Reached XP level 4. HP: 39/41 MP: 3/3
  2020 | D:3      | Noticed Pargi
  2030 | D:3      | Killed Pargi
  2031 | D:3      | Reached XP level 5. HP: 31/47 MP: 4/4
  2268 | D:3      | Reached skill level 5 in Armour
  2278 | D:3      | Reached skill level 1 in Dodging
  2489 | D:3      | Reached skill level 1 in Maces & Flails
  2671 | D:3      | Reached XP level 6. HP: 53/53 MP: 5/5
  2992 | D:4      | Noticed Pikel
  3008 | D:3      | Killed Pikel
  3009 | D:3      | Reached skill level 5 in Fighting
  3009 | D:3      | Reached skill level 5 in Shields
  3009 | D:3      | Reached XP level 7. HP: 17/61 MP: 6/6
  3227 | D:4      | Found a shadowy altar of Dithmenos.
  3768 | D:4      | Noticed Duvessa
  3769 | D:4      | Noticed Dowan
  3784 | D:4      | Killed Duvessa
  3796 | D:4      | Killed Dowan
  3797 | D:4      | Reached XP level 8. HP: 24/69 MP: 7/7
  4067 | D:5      | Entered Level 5 of the Dungeon
  4087 | D:5      | Found an ancient bone altar of Kikubaaqudgha.
  4214 | D:5      | Noticed Ijyb
  4223 | D:5      | Reached skill level 6 in Shields
  4226 | D:5      | Killed Ijyb
  4664 | D:5      | Found a hazy altar of Hepliaklqana.
  4745 | D:5      | Reached skill level 5 in Maces & Flails
  4973 | D:6      | Found Xiggam's Book Emporium.
  5038 | D:6      | Reached skill level 7 in Shields
  5243 | D:6      | Found a staircase to the Ecumenical Temple.
  5257 | Temple   | Entered the Ecumenical Temple
  5615 | D:6      | You fall into a shaft and drop 3 floors!
  5657 | D:8      | Reached XP level 9. HP: 66/75 MP: 8/8
  5967 | D:6      | Reached skill level 8 in Shields
  6722 | D:7      | Noticed Prince Ribbit
  6818 | D:6      | Reached skill level 1 in Stealth
  6842 | D:6      | Killed Prince Ribbit
  7148 | D:7      | Reached skill level 9 in Shields
  7442 | D:7      | Found a glowing silver altar of Zin.
  7470 | D:7      | Reached skill level 10 in Armour
  7713 | D:7      | Identified the +1 leather armour "Olysch" {rF+ MP-9 Str+3}
  7857 | D:7      | Identified the +0 helmet of Syndicalism {rElec Int+2}
  7962 | D:7      | Reached XP level 10. HP: 82/86 MP: 9/9
  8266 | D:8      | Noticed a two-headed ogre
  8282 | D:8      | Killed a two-headed ogre
  8283 | D:8      | Reached skill level 10 in Shields
  8546 | D:8      | Found a white marble altar of Elyvilon.
  9035 | D:8      | Found an opulent altar of Gozag.
  9036 | D:8      | Found an iron altar of Okawaru.
  9042 | D:8      | Became a worshipper of Warmaster Okawaru
  9420 | D:9      | Noticed a two-headed ogre
  9438 | D:9      | Killed a two-headed ogre
  9439 | D:9      | Reached skill level 11 in Shields
  9443 | D:9      | Reached * piety under Okawaru
  9449 | D:9      | Found a staircase to the Lair.
  9467 | D:9      | Reached skill level 10 in Maces & Flails
  9644 | D:9      | Noticed a two-headed ogre
  9666 | D:9      | Killed a two-headed ogre
  9666 | D:9      | Reached ** piety under Okawaru
  9667 | D:9      | Reached XP level 11. HP: 22/92 MP: 7/10
 10065 | D:9      | Found a sparkling altar of Nemelex Xobeh.
 10125 | D:9      | Found a blossoming altar of Fedhas.
 10283 | D:9      | Reached skill level 12 in Shields
 10489 | D:10     | Entered Level 10 of the Dungeon
 10555 | D:10     | Noticed Maurice
 10619 | D:10     | Killed Maurice
 10883 | D:10     | Reached *** piety under Okawaru
 10922 | D:10     | Identified the +5 shortbow of Osyunol {vorpal, rF- Str+9}
 10964 | D:10     | Found a glowing golden altar of the Shining One.
 11483 | D:10     | Found a staircase to the Orcish Mines.
 11566 | D:10     | HP: 3/94 [orc priest/divine providence (11)]
 11970 | D:10     | Found a snail-covered altar of Cheibriados.
 11974 | D:10     | Reached **** piety under Okawaru
 12284 | D:11     | Noticed a two-headed ogre
 12289 | D:11     | Noticed a boulder beetle
 12328 | D:11     | HP: 2/94 [boulder beetle (19)]
 12611 | Lair:1   | Entered Level 1 of the Lair of Beasts
 12759 | Lair:1   | Noticed Gastronok
 12773 | Lair:1   | Killed Gastronok
 12774 | Lair:1   | Reached skill level 13 in Shields
 13013 | Lair:1   | Noticed a catoblepas
 13029 | Lair:1   | HP: 4/95 [catoblepas (16)]
 13029 | Lair:1   | HP: 1/95 [wyvern (3)]
 13035 | Lair:1   | Killed a catoblepas
 13497 | Lair:1   | Noticed Amaemon
 13962 | D:11     | Reached XP level 12. HP: 103/103 MP: 11/11
 14373 | D:11     | Killed a boulder beetle
 14416 | D:11     | Identified the +7 lajatang "Plog" {flame, rC+}
 14518 | D:11     | Killed a two-headed ogre
 14523 | D:11     | Reached skill level 14 in Shields
 14547 | D:11     | Reached ***** piety under Okawaru
 14713 | D:11     | Noticed Josephine
 14731 | D:11     | Killed Josephine
 14753 | D:11     | Reached skill level 1 in Invocations
 14756 | D:11     | Identified the +1 pair of boots of the Delicate God {Int+2
                  | Dex+5} (Okawaru gifted it to you on level 11 of the
                  | Dungeon)
 14756 | D:11     | Received a gift from Okawaru
 14841 | D:11     | Noticed a two-headed ogre
 14850 | D:11     | Killed a two-headed ogre
 15338 | Orc:1    | Entered Level 1 of the Orcish Mines
 15565 | Orc:2    | Entered Level 2 of the Orcish Mines
 15759 | Orc:1    | Reached skill level 15 in Shields
 16727 | Orc:2    | Got the Verses on Blasts
 16860 | Orc:2    | Noticed an orc high priest
 16866 | Orc:2    | Noticed an orc high priest
 17430 | Orc:2    | Killed an orc high priest
 17437 | Orc:1    | Killed an orc high priest
 17659 | Orc:2    | Found a staircase to the Elven Halls.
 17937 | Orc:2    | Reached skill level 10 in Fighting
 17937 | Orc:2    | Reached XP level 13. HP: 113/113 MP: 13/13
 18236 | Orc:2    | Reached skill level 16 in Shields
 18283 | Orc:2    | Found Xocruf's Jewellery Shop.
 18283 | Orc:2    | Found Joifrin's Jewellery Emporium.
 18287 | Orc:2    | Found Mucut's Weapon Emporium.
 18287 | Orc:2    | Found Xofif's Book Shop.
 19392 | D:12     | Found Buunar's Weapon Emporium.
 19400 | D:12     | Received a gift from Okawaru
 19400 | D:12     | Found the +8 orange crystal plate armour {Archmagi, Int+3
                  | Clar}
 19484 | D:12     | Found a gate leading to a gauntlet.
 19494 | Gauntlet | Entered a Gauntlet
 19494 | Gauntlet | Found a transporter.
 19494 | Gauntlet | Found a transporter.
 19494 | Gauntlet | Found a transporter.
 19532 | Gauntlet | Found a transporter.
 19551 | Gauntlet | Found a transporter.
 19552 | Gauntlet | Found a transporter.
 19569 | Gauntlet | Found a transporter.
 19587 | Gauntlet | Found a transporter.
 19601 | Gauntlet | Found a transporter.
 19604 | Gauntlet | Found a transporter.
 19630 | Gauntlet | Found a transporter.
 19630 | Gauntlet | Found a transporter.
 19810 | Gauntlet | Identified the ring of Wisumep {rElec rPois rN+++ Str-4}
 19962 | Gauntlet | Identified the ring of Suspected Treachery {rC+ rN+ Will+
                  | Str-2 Int+8}
 20040 | Gauntlet | Identified the +6 broad axe of Magnificence {venom, rF-
                  | Dex+5}
 20040 | Gauntlet | Noticed a minotaur
 20052 | Gauntlet | Killed a minotaur
 20211 | D:12     | Reached skill level 17 in Shields
 22111 | Lair:2   | Identified the +7 ring mail of the Salmon {Int+2}
 22411 | Lair:1   | Killed Amaemon
 22657 | Lair:3   | Found a hole to the Spider Nest.
 22716 | Lair:3   | Reached skill level 18 in Shields
 22832 | Lair:3   | Identified the +0 plate armour of Circular Logic {rPois
                  | rC++ Str+2 Dex+3} (Okawaru gifted it to you on level 3 of
                  | the Lair of Beasts)
 22832 | Lair:3   | Received a gift from Okawaru
 23166 | Lair:3   | Reached XP level 14. HP: 124/124 MP: 15/15
 23394 | Lair:3   | Found a staircase to the Swamp.
 24619 | Lair:4   | Found a staircase to the Slime Pits.
 24967 | Lair:4   | Reached skill level 15 in Armour
 25099 | Lair:4   | Reached skill level 19 in Shields
 25459 | Lair:5   | Entered Level 5 of the Lair of Beasts
 25618 | Lair:5   | Reached ****** piety under Okawaru
 25713 | Lair:5   | Received a gift from Okawaru
 25978 | Lair:5   | Noticed ababab's ghost (journeyman FeEn)
 26021 | Lair:5   | Found a bloodstained altar of Trog.
 26031 | Lair:5   | Found a transporter.
 27031 | Lair:5   | Found the ring of the Octopus King
 27038 | Lair:5   | Identified the amulet of Uvyuso Movu {RegenMP Fragile Str-2
                  | Int+6}
 27048 | Lair:5   | Identified a ring of the Octopus King {HP+2 AC+2 EV+2 SH+2
                  | SInv}
 27216 | Lair:5   | Found a transporter.
 27295 | Lair:4   | Received a gift from Okawaru
 27420 | D:13     | Identified a scroll of acquirement
 27437 | D:13     | Found a frozen archway.
 27505 | IceCv    | Entered an ice cave
 27527 | IceCv    | Reached skill level 20 in Shields
 28186 | IceCv    | Reached XP level 15. HP: 134/134 MP: 16/16
 28594 | IceCv    | Found a viscous altar of Jiyva.
 28594 | IceCv    | Noticed an azure jelly
 28610 | IceCv    | Killed an azure jelly
 28722 | IceCv    | Got the ring "Mualaaba" {rC+ Dex+6}
 28959 | D:13     | Noticed Lodul
 29201 | D:13     | Killed Lodul
 29548 | D:13     | Noticed a frost giant
 29567 | D:13     | Killed a frost giant
 29835 | D:13     | Reached skill level 21 in Shields
 29964 | D:13     | Noticed Rupert
 29975 | D:13     | Killed Rupert
 30044 | D:13     | Identified the +1 ring mail of Gravitas {rC+ rCorr}
                  | (Okawaru gifted it to you on level 13 of the Dungeon)
 30044 | D:13     | Received a gift from Okawaru
 30496 | D:14     | Found a gate to the Vaults.
 31029 | D:15     | Entered Level 15 of the Dungeon
 31484 | D:15     | Found a staircase to the Depths.
 31806 | Abyss:2  | Cast into level 2 of the Abyss (a wizard)
 31839 | Abyss:2  | Reached skill level 22 in Shields
 31971 | Abyss:2  | Received a gift from Okawaru
 32017 | Abyss:2  | Noticed an Executioner
 32023 | Abyss:2  | Noticed a Hell Sentinel
 32024 | Abyss:2  | Noticed an Executioner
 32027 | Abyss:2  | HP: 2/138 [Executioner[a deep elf demonologist] (12)]
 32027 | Abyss:2  | Killed from afar by a smoke demon

Illustrated notes

Levels and vault maps discovered:
D:1:      mainiacjoe_arrival_reflecting_pool, layout_loops_cross
D:2:      layout_loops_ring, serial_forest, infiniplex_forest_zigzag_2,
          infiniplex_forest_clump_double, infiniplex_forest_clump_cross,
          infiniplex_forest_lined_2, infiniplex_forest_side_room,
          infiniplex_forest_clump_double
D:3:      layout_loops_corners, uniq_pargi
D:4:      cheibrodos_old_hovel, layout_gridville,
          grunt_dithmenos_smoke_and_mirrors, uniq_duvessa, uniq_pikel
D:5:      layout_basic, mainiacjoe_overflow_boulevard, marbit_many_paths,
          uniq_ijyb
D:6:      layout_gridville, minmay_temple_entry_grid, minmay_crystal_water,
          nicolae_stop_n_shop_1
D:7:      layout_loops_corners, zin_academy, uniq_prince_ribbit1
D:8:      layout_cave_pods, mainiacjoe_overflow_brackets,
          nicolae_overflow_squiral
D:9:      layout_loops_cross, lemuel_doored_altar,
          nicolae_overflow_crystal_walls, minmay_lair_entry_grove,
          serial_undead, serial_undead_f, serial_undead_f, serial_undead_e,
          serial_undead_f
D:10:     layout_basic, slow_altar_2, general_overflow_altar,
          minmay_orc_entry_temple_small, minmay_misc_feat_cross, uniq_maurice
D:11:     layout_cave_pools, hangedman_decor_clover_reticule, uniq_josephine
D:12:     hellmonk_crumbling_castle, layout_loops_ring, gauntlet_entry_generic,
          nicolae_stop_n_shop_2
D:13:     thingy_vault, layout_grid_maze, portal_ice_cave_entry_imps,
          uniq_rupert, uniq_lodul
D:14:     layout_rooms, lightli_vaults_fourway_checkpoint
D:15:     hangedman_depths_entry_civil_slaughter, layout_grid_maze,
          minmay_misc_feat_columns, chequers_decorated_corner, uniq_roxanne
Temple:   nicolae_temple_bog_church
Lair:1:   layout_regular_city, minivault_19, minivault_19, serial_bayou_shore_b,
          uniq_gastronok, uniq_amaemon
Lair:2:   layout_hall_layers, eino_house_with_fridge
Lair:3:   layout_roguey, nicolae_swamp_entry_splash_gauntlet,
          spider_nest_entry_webs, wad_woods_river_01
Lair:4:   layout_cave_shapes, slime_entry_1, special_room
          [special_room_mythical_zoo], beast_lair_carwin_5
Lair:5:   gammafunk_lair_ancient_temple, layout_gridlike,
          gammafunk_ghost_wrathful_warriors, serial_bayou_lake_a
Orc:1:    layout_caves, basic_altar
Orc:2:    grunt_orc_tribal_feast, layout_caves, nooodl_orcs_dogs
Abyss:2:  base: Orc:1, base: Lair:1, evilmike_abyss_exit_mutagenic

Skill      XL: |  1  2  3  4  5  6  7  8  9 10 11 12 13 14 15 |
---------------+----------------------------------------------+-----
Fighting       | 4 5 7 8 10 11 12 13 | 13.6
Long Blades    | 3 4 |  4.4
Armour         | 4 5 6 7 9 10 11 12 13 14 15 16 | 16.2
Shields        | 4 5 7 9 11 13 15 18 20 22 | 22.0
Dodging        | 1 2 3 |  3.1
Maces & Flails | 1 3 4 6 8 10 11 12 13 14 | 14.9
Stealth        | 1 |  1.5
Invocations    | 2 3 |  3.1
Evocations     | |  0.3

Action                   |  1- 3 |  4- 6 |  7- 9 | 10-12 | 13-15 || total
-------------------------+-------+-------+-------+-------+-------++-------
Melee: Long sword        |   114 |       |       |       |       ||   114
       Headbutt          |    13 |     6 |    52 |   242 |   615 ||   928
       Whip              |     8 |    71 |   327 |   859 |  2021 ||  3286
Invok: Heroism           |       |       |       |    17 |    26 ||    43
Evoke: Wand              |       |       |     1 |     4 |       ||     5
  Use: Potion            |     1 |       |     2 |     7 |     5 ||    15
       Scroll            |       |     3 |     1 |    12 |    15 ||    31
Armor: Scale mail        |    71 |       |       |       |       ||    71
       Plate armour      |     6 |    48 |   182 |   313 |    94 ||   643
       Crystal plate arm |       |       |       |       |   575 ||   575
Dodge: Dodged            |    41 |     7 |    37 |   133 |   220 ||   438
Block: Buckler           |    15 |       |       |       |       ||    15
       Tower shield      |    27 |    47 |   258 |   768 |  1759 ||  2859
